 Dungeon Crawl Stone Soup version 0.22-a0-69-g116c2a8 (webtiles) character file.

1748 redcow542 the Fighter (level 8, -2/79 HPs)
             Began as a Minotaur Fighter on Jan 11, 2018.
             Was an Initiate of Fedhas.
             Killed from afar by an electric eel (9 damage)
             ... with a bolt of electricity
             ... on level 7 of the Dungeon on Jan 12, 2018.
             The game lasted 00:14:38 (3756 turns).

redcow542 the Fighter (Minotaur Fighter)            Turns: 3756, Time: 00:14:39

Health: -2/79      AC:  7    Str: 26    XL:     8   Next: 78%
Magic:  7/7        EV:  7    Int:  5    God:    Fedhas [......]
Gold:   245        SH: 11    Dex:  9    Spells: 7/7 levels left

rFire    . . .     SeeInvis .   a - +1 war axe
rCold    + . .     Gourm    .   c - +1 shield
rNeg     . . .     Faith    .   b - +0 scale mail
rPois    .         Spirit   .   (helmet restricted)
rElec    .         Reflect  .   (no cloak)
rCorr    +         Harm     .   (no gloves)
MR       .....                  (no boots)
Stlth    ..........             (no amulet)
HPRegen  0.23/turn              l - ring of resist corrosion
MPRegen  0.10/turn              s - ring of protection from cold

@: no status effects
A: retaliatory headbutt, horns 2, talons 1, screaming 1, strong 1
a: Fungal Bloom, Renounce Religion


You were on level 7 of the Dungeon.
You worshipped Fedhas.
Fedhas was noncommittal.
You were not hungry.

You visited 2 branches of the dungeon, and saw 8 of its levels.

You collected 245 gold pieces.

Inventory:

Hand Weapons
 a - a +1 war axe (weapon)
 p - a +0 war axe
Armour
 b - a +0 scale mail (worn)
 c - a +1 shield (worn)
Jewellery
 l - a ring of resist corrosion (left hand)
 s - a ring of protection from cold (right hand)
Wands
 o - a wand of paralysis (18)
Scrolls
 e - 3 scrolls of teleportation
 h - 4 scrolls of noise
 m - 2 scrolls of fear {unknown}
 n - 3 scrolls of amnesia
 t - a scroll of blinking
 u - a scroll of identify
 v - 3 scrolls of remove curse
Potions
 d - 6 potions of curing
 g - 2 potions of brilliance {unknown}
 i - 4 potions of flight
 j - a potion of magic
 k - a potion of agility
 r - a potion of degeneration
 w - a potion of cancellation {unknown}
Books
 q - a book of Minor Magic

   Spells                             Type                      Level
   a - Magic Dart                     Conjuration                  1
   b - Blink                          Translocation                2
   c - Call Imp                       Summoning                    2
   d - Slow                           Hexes                        2
   e - Conjure Flame                  Conjuration/Fire             3
   f - Mephitic Cloud                 Conjuration/Poison/Air       3
Comestibles
 f - 8 rations


   Skills:
 + Level 9.9 Fighting
 + Level 9.6 Axes
 - Level 4.2 Armour
 - Level 4.4 Shields


You had 7 spell levels left.
You didn't know any spells.

Dungeon Overview and Level Annotations

Branches:
Dungeon (7/15)             Temple (1/1) D:4

Altars:
Ashenzari
Cheibriados
Dithmenos
Elyvilon
Fedhas
Gozag
Hepliaklqana
Kikubaaqudgha
Makhleb
Nemelex Xobeh
Okawaru
Ru
Trog
Uskayaw
Vehumet
Wu Jian
Xom
Yredelemnul
Zin
The Shining One


Innate Abilities, Weirdness & Mutations

You reflexively headbutt those who attack you in melee.
You have a pair of horns on your head.
You have sharp toenails.
You occasionally shout uncontrollably at your foes.
Your muscles are strong. (Str +2)


Message History

You completely miss the ogre. You claw the ogre. You headbutt the ogre.
The ogre is severely wounded.
You block the ogre's attack.
You slash the ogre!
You kill the ogre!
You feel your intelligence returning.
You see here a giant club.
The electric eel shoots out a bolt of lightning at you!
The bolt of electricity hits you!
* * * LOW HITPOINT WARNING * * *
The bolt of electricity hits you!
* * * LOW HITPOINT WARNING * * *
Things that are here:
a morningstar; an orc corpse; a bullfrog corpse You see here a potion of curing.
d - 6 potions of curing (gained 1)
The electric eel shoots out a bolt of lightning at you!
The bolt of electricity hits you!
You die...
Fedhas appreciates your contribution to the ecosystem.

##.....##.#
#.......#.
........ ......
.... ..#
#########.####
#......@)....###.#
.≈≈......)<.......
≈≈≈≈≈...#.##.###$#
≈≈≈≈≈≈..#.# #
≈≈≈≈≈≈≈;#..
≈≈≈≈≈#####.# ≈≈≈##
.# ≈## .# .#


You could see an electric eel.

Vanquished Creatures
  An ice beast (D:5)
  A sky beast (D:6)
  A phantom (D:7)
  A centaur (D:5)
  3 ogres
  2 bullfrogs
  A gnoll sergeant (D:5)
  3 scorpions
  A water moccasin skeleton (D:6)
  A howler monkey (D:4)
  3 crimson imps
  2 jellies
  4 hounds
  3 orc wizards
  An iguana (D:5)
  A bullfrog skeleton (D:6)
  3 worker ants
  5 gnolls (D:5)
  7 adders
  A white imp (D:4)
  A dart slug (D:1)
  5 leopard geckos
  7 orcs
  10 bats
  6 giant cockroaches
  8 goblins
  10 hobgoblins
  10 jackals
  9 kobolds
  3 quokkas
  2 ball pythons
  8 frilled lizards
  3 goblin skeletons (D:4)
  A hobgoblin zombie (D:4)
  A kobold skeleton (D:4)
  4 orc skeletons (D:4)
  An orc zombie (D:4)
  2 quokka zombies (D:5)
136 creatures vanquished.

Vanquished Creatures (collateral kills)
  A crimson imp (D:6)
1 creature vanquished.

Vanquished Creatures (others)
  2 wandering mushrooms (D:6)
  18 toadstools
20 creatures vanquished.

Grand Total: 157 creatures vanquished

Notes
Turn   | Place    | Note
-------+----------+-------------------------------------------
     0 | D:1      | redcow542 the Minotaur Fighter began the quest for the Orb.
     0 | D:1      | Reached XP level 1. HP: 19/19 MP: 0/0
    87 | D:1      | Reached XP level 2. HP: 27/27 MP: 1/1
   455 | D:2      | Reached XP level 3. HP: 33/33 MP: 2/2
   677 | D:2      | Found a shadowy altar of Dithmenos.
   698 | D:2      | Reached XP level 4. HP: 40/40 MP: 3/3
   722 | D:2      | Found a bloodstained altar of Trog.
   722 | D:2      | Found a snail-covered altar of Cheibriados.
   932 | D:3      | Found an opulent altar of Gozag.
  1093 | D:3      | Reached XP level 5. HP: 33/47 MP: 4/4
  1259 | D:3      | Reached skill level 5 in Fighting
  1488 | D:4      | Found a staircase to the Ecumenical Temple.
  1497 | Temple   | Entered the Ecumenical Temple
  1559 | Temple   | Became a worshipper of Fedhas Madash
  1599 | D:4      | Reached skill level 5 in Axes
  1613 | D:4      | Reached XP level 6. HP: 24/57 MP: 5/5
  1620 | D:4      | Found a glowing golden altar of the Shining One.
  1836 | D:4      | Found an iron altar of Okawaru.
  2092 | D:5      | Entered Level 5 of the Dungeon
  2152 | D:5      | Found a glowing silver altar of Zin.
  2152 | D:5      | Found a burning altar of Makhleb.
  2153 | D:5      | Noticed a blizzard demon
  2153 | D:5      | Noticed an angel
  2247 | D:5      | Found a shattered altar of Ashenzari.
  2255 | D:5      | Reached XP level 7. HP: 58/64 MP: 6/6
  2407 | D:5      | Found a shimmering altar of Xom.
  2491 | D:5      | Reached * piety under Fedhas
  2770 | D:5      | Gained mutation: You occasionally shout uncontrollably at your foes. [potion of mutation]
  2770 | D:5      | Gained mutation: Your muscles are strong. (Str +2) [potion of mutation]
  2770 | D:5      | Gained mutation: You have sharp toenails. [potion of mutation]
  3186 | D:6      | Reached XP level 8. HP: 66/75 MP: 7/7
  3680 | D:6      | Found an opulent altar of Gozag.
  3756 | D:7      | Killed from afar by an electric eel

Vault maps used:
D:1:      shiori_arrival_maze
D:2:      grunt_dithmenos_smoke, gammafunk_temple_overflow_wave
D:3:      minmay_misc_feat_four_crosses,
          nicolae_gozag_cash_rules_everything_around_me
D:4:      okawaru_metal_pillars_3, nicolae_tso_besieged_by_evil,
          minmay_temple_entry_junction, first_ration
D:5:      grunt_temple_overflow_order_and_chaos_2, lemuel_round_altar,
          evilmike_ruin_ashenzari
D:6:      overflow_temple_1_default
D:7:      statuecave_lemuel, lemuel_crystal_altar, hangedman_decor_growths
Temple:   chequers_temple_sunken

Skill      XL: |  1  2  3  4  5  6  7  8 |
---------------+-------------------------+-----
Armour         | 4 |  4.2
Shields        | 4 |  4.4
Fighting       | 4 5 6 8 9 |  9.9
Axes           | 3 4 5 6 8 9 |  9.6

Action                   |  1- 3 |  4- 6 |  7- 9 || total
-------------------------+-------+-------+-------++-------
Melee: War axe           |    93 |   170 |    96 ||   359
       Headbutt          |    16 |    27 |    19 ||    62
       Kick              |       |       |    14 ||    14
Invok: Fungal Bloom      |       |     4 |     2 ||     6
       Evolution         |       |       |     2 ||     2
  Use: Scroll            |       |    11 |     1 ||    12
       Potion            |       |     2 |     4 ||     6
  Eat: Ration            |       |     3 |       ||     3
       Chunk             |       |     1 |       ||     1
Armor: Scale mail        |    40 |    88 |    27 ||   155
Dodge: Dodged            |    29 |    47 |    24 ||   100
Block: Shield            |    61 |    99 |    62 ||   222

Table legend:
 A = Spawn XP
 B = Non-spawn XP
 C = Spawn XP percentage of total XP
 D = Spawn monster count
 E = Non-spawn monster count
 F = Spawn count percentage of total count
 G = Total turns spent on level
                    A         B        C        D         E        F      G
               +---------+---------+-------+---------+---------+-------+---------
         Total |       0 |    2498 |   0.0 |       0 |     137 |   0.0 |  3756
               +---------+---------+-------+---------+---------+-------+---------
           D:1 |       0 |      39 |   0.0 |       0 |      20 |   0.0 |   446
           D:2 |       0 |      69 |   0.0 |       0 |      27 |   0.0 |   415
           D:3 |       0 |     140 |   0.0 |       0 |      26 |   0.0 |   588
           D:4 |       0 |     253 |   0.0 |       0 |      23 |   0.0 |   570
           D:5 |       0 |     901 |   0.0 |       0 |      21 |   0.0 |  1080
           D:6 |       0 |     721 |   0.0 |       0 |      15 |   0.0 |   556
           D:7 |       0 |     375 |   0.0 |       0 |       5 |   0.0 |    28
               +---------+---------+-------+---------+---------+-------+---------
